 Dungeon Crawl Stone Soup version 0.21.0-3-g78d12a8 (webtiles) character file.

67 AverageBear the Covered (level 4, 33/33 HPs)
             Began as a Demonspawn Gladiator on Jan 13, 2018.
             Quit the game on level 2 of the Dungeon.
             The game lasted 00:02:33 (1224 turns).

AverageBear the Covered (Demonspawn Gladiator)      Turns: 1224, Time: 00:02:34

Health: 33/33      AC:  7    Str: 15    XL:     4   Next: 0%
Magic:  4/4        EV: 15    Int:  9    God:
Gold:   108        SH:  0    Dex: 15    Spells: 3/3 levels left

rFire    . . .     SeeInvis .   a - +0 long sword
rCold    . . .     Gourm    .   (no shield)
rNeg     . . .     Faith    .   b - +0 leather armour
rPois    .         Spirit   .   c - +0 helmet
rElec    .         Reflect  .   s - +0 cloak
rCorr    .         Harm     .   (no gloves)
MR       .....     Rnd*Tele +   (no boots)
Stlth    +.........             (no amulet)
HPRegen  0.11/turn              e - ring of teleportation (curse)
MPRegen  0.09/turn              g - +2 ring of evasion

@: no status effects
A: yellow scales 1, powered by death 1
a: no special abilities


You were on level 2 of the Dungeon.
You were not hungry.

You visited 1 branch of the dungeon, and saw 2 of its levels.

You collected 108 gold pieces.

Inventory:

Hand Weapons
 a - a +0 long sword (weapon)
Missiles
 d - 3 throwing nets (quivered)
Armour
 b - a +0 leather armour (worn)
 c - a +0 helmet (worn)
 s - a +0 cloak (worn)
Jewellery
 e - a cursed ring of teleportation (left hand)
 g - a +2 ring of evasion (right hand)
Scrolls
 k - 2 scrolls of identify {unknown}
 m - a scroll of enchant armour {unknown}
 r - a scroll of fear {unknown}
 t - 2 scrolls of remove curse {unknown}
Potions
 h - a potion of flight {unknown}
 j - a potion of invisibility {unknown}
 l - a potion of agility {unknown}
 n - a potion of haste {unknown}
 o - a potion of mutation {unknown}
 p - a potion of ambrosia {unknown}
 q - a potion of brilliance {unknown}
 u - 4 potions of curing {unknown}
Comestibles
 f - 5 rations
 i - 9 chunks of flesh


   Skills:
 - Level 2.0 Fighting
 - Level 2.6 Long Blades
 - Level 1.7 Throwing
 + Level 3.3 Armour
 - Level 2.6 Dodging


You had 3 spell levels left.
You didn't know any spells.

Dungeon Overview and Level Annotations

Branches:
Dungeon (2/15)

Altars:
Okawaru


Innate Abilities, Weirdness & Mutations

You are partially covered in yellow scales. (AC +2)
You regenerate a little health from kills.


Message History

You kill the hobgoblin!
You butcher the hobgoblin corpse.
i - 9 chunks of flesh (gained 1)
A hobgoblin comes into view.
The hobgoblin shouts!
You hear an angry hiss.
Found 11 poisoned needles.
A leopard gecko comes into view.
The leopard gecko hisses angrily.
Found 23 stones.
There are monsters nearby!
A worm comes into view.
The hobgoblin closely misses you.
You barely miss the hobgoblin. The hobgoblin misses you.
You riposte.
You slash the hobgoblin!
You kill the hobgoblin!
You have reached level 4!
You feel agile.
Your demonic ancestry asserts itself...
A wave of death washes over you. The leopard gecko barely misses you.
Are you sure you want to abandon this character and quit the game? (Confirm with "yes".)

# #... #..w ##.#. ##.(..
.#.....## ........#
#.(..l.####### #.....@......#
# .....##.#####.#### # .##..
##.##.......# # .##.
##...#.##.##.# ###
.##.###.)....##.##.#
..#####.##................# ..
.
#...................##.#..##.#
#
..###..###.##.#...#.##.#..##.#
.## #..# #.##.#..##.......##.#


You could see a worm and a leopard gecko.

Vanquished Creatures
  Jessica (D:2)
  An adder (D:2)
  3 dart slugs (D:1)
  2 ball pythons
  4 giant cockroaches
  A goblin (D:1)
  3 hobgoblins (D:2)
  2 bats
  3 frilled lizards
  6 kobolds
  4 rats
30 creatures vanquished.

Notes
Turn   | Place    | Note
-------+----------+-------------------------------------------
     0 | D:1      | AverageBear the Demonspawn Gladiator began the quest for the Orb.
     0 | D:1      | Reached XP level 1. HP: 16/16 MP: 1/1
    62 | D:1      | Reached skill level 1 in Armour
   470 | D:1      | Gained mutation: You are partially covered in yellow scales. (AC +2) [demonic ancestry]
   470 | D:1      | Reached XP level 2. HP: 22/22 MP: 2/2
   740 | D:1      | Reached skill level 2 in Armour
   993 | D:2      | Found an iron altar of Okawaru.
  1014 | D:2      | Reached XP level 3. HP: 19/27 MP: 3/3
  1167 | D:2      | Noticed Jessica
  1171 | D:2      | Killed Jessica
  1171 | D:2      | Reached skill level 3 in Armour
  1223 | D:2      | Gained mutation: You regenerate a little health from kills. [demonic ancestry]
  1223 | D:2      | Reached XP level 4. HP: 33/33 MP: 4/4
  1224 | D:2      | Quit the game

Skill      XL: |  1  2  3 |
---------------+----------+-----
Armour         | 1 2 3 |  3.3
Fighting       | |  2.0
Long Blades    | |  2.6
Throwing       | |  1.7
Dodging        | |  2.6

Action                   |  1- 3 |  4- 6 || total
-------------------------+-------+-------++-------
Melee: Long sword        |    78 |       ||    78
 Stab: Sleeping          |     2 |       ||     2
  Eat: Chunk             |     1 |       ||     1
Armor: Leather armour    |    26 |       ||    26
Dodge: Dodged            |    71 |     1 ||    72
       Rpst.: Long sword |    21 |       ||    21
